 Dungeon Crawl Stone Soup version 0.26-a0-651-gb41185065b (webtiles) character file.

Game seed: 15180568918295187647

1845 Flugslaktarn the Chopper (level 8, -4/78 HPs)
             Began as a Deep Dwarf Fighter on Oct 6, 2020.
             Was a Believer of Makhleb.
             Killed from afar by Erica (22 damage)
             ... with a lance of force
             ... on level 8 of the Dungeon.
             The game lasted 00:02:15 (3804 turns).

Flugslaktarn the Chopper (Deep Dwarf Fighter)       Turns: 3804, Time: 00:02:15

Health: -4/78      AC:  7    Str: 22    XL:     8   Next: 88%
Magic:  9/9        EV:  4    Int:  9    God:    Makhleb [**....]
Gold:   273        SH: 10    Dex: 12    Spells: 7/7 levels left

rFire    . . .     SeeInvis .   a - +0 war axe
rCold    . . .     Faith    .   c - +0 kite shield
rNeg     . . .     Spirit   .   u - +0 plate armour
rPois    .         Reflect  .   f - +0 helmet
rElec    .         Harm     .   (no cloak)
rCorr    .         Rampage  .   (no gloves)
MR       +....                  b - +0 pair of boots
Stlth    ..........             (no amulet)
HPRegen  0.00/turn              (no ring)
MPRegen  0.11/turn              (no ring)

@: lethally poisoned (-4 -> -4), corroded, non-regenerating
A: damage resistance, heal wounds, sense surroundings 1, no regeneration
a: Heal Wounds, Minor Destruction, Renounce Religion


You were on level 8 of the Dungeon.
You worshipped Makhleb.
Makhleb was pleased with you.
You visited 2 branches of the dungeon, and saw 9 of its levels.
You also visited: Sewer.

You collected 273 gold pieces.

Inventory:

Hand Weapons
 a - a +0 war axe (weapon)
Armour
 b - a +0 pair of boots (worn)
   (You found it on level 7 of the Dungeon)
 c - a +0 kite shield (worn)
 f - a +0 helmet (worn)
   (You found it on level 7 of the Dungeon)
 u - a +0 plate armour (worn)
   (You took it off an orc warrior on level 6 of the Dungeon)
Jewellery
 i - an uncursed amulet of magic regeneration {unknown}
   (You found it on level 7 of the Dungeon)
Scrolls
 e - 2 scrolls of remove curse {unknown}
 l - a scroll of magic mapping
 r - 2 scrolls of identify
Potions
 d - 5 potions of might
 g - a potion of flight {unknown}
 h - a potion of magic {unknown}
 m - 2 potions of ambrosia
 q - a potion of curing
 s - a potion of berserk rage
 t - a potion of mutation
 w - 2 potions of heal wounds


   Skills:
 * Level 6.3 Fighting
 * Level 7.0 Axes
 + Level 5.7 Armour
 + Level 5.8 Shields
 + Level 5.2 Invocations


You had 7 spell levels left.
You didn't know any spells.
Your spell library was empty.

Dungeon Overview and Level Annotations

Branches:
Dungeon (8/15)             Temple (1/1) D:4           Sewer (visited)
   Lair: D:8-11

Altars:
Ashenzari
Cheibriados
Dithmenos
Elyvilon
Fedhas
Hepliaklqana
Makhleb
Nemelex Xobeh
Okawaru
Qazlal
Ru
Sif Muna
Trog
Uskayaw
Vehumet
Wu Jian
Xom
Yredelemnul

Annotations:
D:8 Erica


Innate Abilities, Weirdness & Mutations

You are resistant to damage.
You can heal yourself by infusing magical energy.
You passively map a small area around you.
You do not regenerate.


Message History

Erica casts a spell at you. The bolt of poison hits you!!
You are more poisoned.
You block the jelly's attack.
You hit the jelly.
You kill the jelly!
Makhleb accepts your kill.
You slash Erica! You closely miss the orc warrior.
The orc warrior barely misses you.
Erica hits you with a +4 scimitar of flaming.
Erica burns you.
The orc warrior hits you with a cursed -3 short sword!
* * * LOW HITPOINT WARNING * * *
You are too injured to fight recklessly!
You are too injured to fight recklessly!
You are too injured to fight recklessly!
You fail to use your ability.
Erica points at you and mumbles some strange words.
The lance of force hits you!!
You die...

, * , .... * ?##
,......#####.. ,
..........#..# * ,
............. ...
............##
##...,
.)..........###....
##...........#.....
#........@@.....#,
,
##........oo../..#
,
,.......<.##...)..#
, *
........###......#*
* .......##
#$).)...# , *
..>....* #........#
, , , * ......#
,#.........# , ,
##.... ..........#
, #.....
.###........


You could see Erica, an orc warrior and an orc.

Vanquished Creatures
  Maggie (D:7)
  2 orc warriors
  2 sky beasts (D:7)
  An ogre (D:7)
  2 centaurs
  3 bullfrogs
  A wyvern zombie (D:7)
  A water moccasin skeleton (D:5)
  A wyvern skeleton (D:7)
  A quasit (D:8)
  2 hounds (D:6)
  An orc priest (D:8)
  3 jellies
  2 iguanas
  3 orc wizards
  2 hound zombies (D:6)
  A hound skeleton (D:6)
  4 gnolls (D:7)
  4 adders
  2 river rats (Sewer)
  2 shadow imps
  A white imp (D:6)
  An adder zombie (D:6)
  5 worms
  2 dart slugs
  5 leopard geckos
  8 orcs
  4 giant cockroaches
  2 goblins (D:3)
  A hobgoblin (D:2)
  10 jackals
  2 kobolds
  2 quokkas
  4 ball pythons
  4 frilled lizards
  8 rats
100 creatures vanquished.

Notes
Turn   | Place    | Note
-------+----------+-------------------------------------------
     0 | D:1      | Flugslaktarn the Deep Dwarf Fighter began the quest for the
                  | Orb.
     0 | D:1      | Reached XP level 1. HP: 20/20 MP: 1/1
    77 | D:2      | Found a shimmering altar of Xom.
    87 | D:2      | Reached XP level 2. HP: 18/27 MP: 2/2
   164 | D:2      | Found a broken altar of Ashenzari.
   227 | D:2      | Found a stormy altar of Qazlal.
   248 | D:3      | Reached XP level 3. HP: 28/34 MP: 3/3
   391 | D:4      | Reached skill level 3 in Axes
   548 | D:4      | Found a staircase to the Ecumenical Temple.
   557 | Temple   | Entered the Ecumenical Temple
   631 | Temple   | Became a worshipper of Makhleb the Destroyer
  1124 | D:5      | Entered Level 5 of the Dungeon
  1341 | D:4      | Reached XP level 4. HP: 27/42 MP: 4/4
  1348 | D:4      | Reached skill level 1 in Invocations
  1524 | D:5      | Found a glowing drain.
  1534 | Sewer    | Entered a sewer
  1581 | Sewer    | Reached XP level 5. HP: 37/50 MP: 4/6
  1999 | D:5      | Noticed a centaur
  2007 | D:5      | Killed a centaur
  2007 | D:5      | Reached skill level 4 in Axes
  2007 | D:5      | Reached XP level 6. HP: 45/57 MP: 7/7
  2583 | D:6      | Reached * piety under Makhleb
  2659 | D:6      | Reached XP level 7. HP: 45/66 MP: 9/9
  2729 | D:6      | Found a hazy altar of Hepliaklqana.
  2880 | D:6      | Reached skill level 5 in Axes
  2940 | D:6      | Reached skill level 5 in Fighting
  3187 | D:7      | Reached skill level 5 in Armour
  3187 | D:7      | Reached skill level 5 in Shields
  3241 | D:7      | Reached XP level 8. HP: 49/75 MP: 9/11
  3271 | D:7      | Reached ** piety under Makhleb
  3271 | D:7      | Reached skill level 6 in Axes
  3389 | D:7      | Noticed Maggie
  3415 | D:7      | Killed Maggie
  3508 | D:7      | Reached skill level 5 in Invocations
  3779 | D:8      | Noticed Erica
  3794 | D:8      | Reached skill level 7 in Axes
  3804 | D:8      | Killed from afar by Erica

Illustrated notes

Levels and vault maps discovered:
D:1:      kennysheep_arrival_forest, layout_rooms
D:2:      layout_rooms, evilmike_ruin_ashenzari, overflow_temple_1_default,
          overflow_temple_1_default
D:3:      layout_loops_ring, tso_altar
D:4:      layout_basic, minmay_temple_entry_glass
D:5:      layout_basic, portal_sewer_entry_e
D:6:      layout_basic, basic_altar, chequers_serial_rivers_small_b,
          minmay_misc_feat_five, kennysheep_cluttered_room, minmay_microvault
D:7:      layout_basic, uniq_maggie
D:8:      minmay_angry_zag, layout_cave_pools, nicolae_overflow_hidden_temple,
          marbit_many_paths, minivault_19, uniq_erica
Temple:   regret_index_temple_waves

Skill      XL: |  1  2  3  4  5  6  7  8 |
---------------+-------------------------+-----
Fighting       | 3 4 5 6 |  6.3
Axes           | 3 4 5 7 |  7.0
Invocations    | 1 2 4 5 |  5.2
Armour         | 4 5 |  5.7
Shields        | 4 5 |  5.8

Action                   |  1- 3 |  4- 6 |  7- 9 || total
-------------------------+-------+-------+-------++-------
Melee: War axe           |   103 |   162 |   191 ||   456
 Abil: Heal Wounds       |     2 |     5 |    12 ||    19
  Use: Scroll            |       |       |    14 ||    14
Armor: Scale mail        |    55 |    60 |    13 ||   128
       Plate armour      |       |       |   126 ||   126
Dodge: Dodged            |    26 |    51 |    38 ||   115
Block: Kite shield       |    63 |   111 |   116 ||   290

Table legend: (Time is in decaauts)
 A = Elapsed time spent in this place.
 B = Non-inter-level travel time spent in this place.
 C = Inter-level travel time spent in this place.
 D = Time resting spent in this place.
 E = Time spent auto-exploring this place.
 F = Levels seen in this place.
 G = Mean time per level.
                   A        B        C        D        E       F      G
               +--------+--------+--------+--------+--------+-----+--------+
         Total |   3966 |   3672 |    294 |    100 |   2629 |  10 |  396.6 |
       Dungeon |   3669 |   3431 |    238 |      0 |   2568 |   8 |  458.6 |
        Temple |    219 |    164 |     55 |    100 |     61 |   1 |  219.0 |
         Sewer |     77 |     77 |      0 |      0 |      0 |   1 |   77.0 |
               +--------+--------+--------+--------+--------+-----+--------+

Top non-repeatable levels by time:
     D:5: 979 daAuts
     D:4: 923 daAuts
     D:6: 700 daAuts
     D:7: 649 daAuts
  Temple: 219 daAuts
     D:2: 174 daAuts
     D:3: 129 daAuts
     D:1: 80 daAuts
   Sewer: 77 daAuts
     D:8: 32 daAuts
